 Dungeon Crawl Stone Soup version 0.20.1-1-g8b1a95d (webtiles) character file.

58 Peloso the Shield-Bearer (level 3, -5/34 HPs)
             Began as a Deep Dwarf Fighter on Aug 3, 2017.
             Slain by Crazy Yiuf
             ... wielding a +4 quarterstaff of chaos
              (17 damage)
             ... on level 4 of the Dungeon.
             The game lasted 00:02:00 (1092 turns).

Peloso the Shield-Bearer (Deep Dwarf Fighter)       Turns: 1092, Time: 00:02:00

Health: -5/34      AC:  7    Str: 20    XL:     3   Next: 75%
Magic:  3/3        EV:  7    Int:  8    God:
Gold:   98         SH:  9    Dex: 12    Spells: 2/2 levels left

rFire    . . .     SeeInvis .   a - +0 long sword
rCold    . . .     Gourm    .   c - +0 shield
rNeg     . . .     Faith    .   b - +0 scale mail
rPois    .         Spirit   .   (no helmet)
rElec    .         Reflect  .   (no cloak)
rCorr    .         Harm     .   (no gloves)
MR       .....                  (no boots)
Stlth    ..........             (no amulet)
Regen    0.0/turn               (no ring)
MPRegen  0.1/turn               (no ring)

@: non-regenerating
A: damage resistance, heal wounds, sense surroundings 1, no regeneration
a: Heal Wounds


You were on level 4 of the Dungeon.
You were not hungry.

You visited 1 branch of the dungeon, and saw 3 of its levels.

You collected 98 gold pieces.

Inventory:

Hand Weapons
 a - a +0 long sword (weapon)
 h - a +0 mace of crushing
Armour
 b - a +0 scale mail (worn)
 c - a +0 shield (worn)
Scrolls
 e - 2 scrolls of identify {unknown}
 g - a scroll of recharging {unknown}
 j - a scroll of blinking {unknown}
 k - 2 scrolls of remove curse {unknown}
 o - a scroll of enchant armour {unknown}
 p - a scroll of magic mapping {unknown}
Potions
 d - 2 potions of might
 l - a potion of mutation {unknown}
 n - a potion of curing {unknown}
Comestibles
 f - 4 bread rations
 i - 4 fruits
 m - 3 chunks of flesh


   Skills:
 + Level 3.0 Fighting
 + Level 2.8 Long Blades
 + Level 3.7 Armour
 + Level 0.4 Dodging
 + Level 3.8 Shields


You had 2 spell levels left.
You didn't know any spells.

Dungeon Overview and Level Annotations

Branches:
Dungeon (2/15)

Altars:
Fedhas
Zin

Annotations:
D:4 Crazy Yiuf


Innate Abilities, Weirdness & Mutations

You are resistant to damage.
You can heal yourself by infusing magical energy.
You passively map a small area around you.
You do not regenerate.


Message History

You slash the fungus!
You destroy the fungus!
Found a runed door.
You open the door.
Crazy Yiuf the Enlightened comes into view.
He is wielding a quarterstaff of chaos.
Crazy Yiuf shouts!
Crazy Yiuf grits, "Gum blue sing-song!"
Found a mace.
There is an open door here.
You hit Crazy Yiuf but do no damage. You block Crazy Yiuf's attack.
You closely miss Crazy Yiuf.
Crazy Yiuf whimpers, "Paint broken King!"
You block Crazy Yiuf's attack. x2
You hit Crazy Yiuf but do no damage. You block Crazy Yiuf's attack.
You slash Crazy Yiuf!
Crazy Yiuf is moderately wounded.
Crazy Yiuf hits you with a quarterstaff of chaos!
You are electrocuted!
Ouch! That really hurt!
You die...

, , ,
#....#
#.........#
, , ♣.PPP♣
#.........#
♣.PP♣♣
#.........#
,, , , **
♣♣.♣♣
#.##......#
♣.♣♣
#..#......#
, , ♣♣.♣
##.#......#
♣.♣♣
*........#*
♣♣.♣
..........
* #@#*
..#..#####
* #.g.# ,..
... , , ,,
* #...#
*... .... ,
* #..)# ,
,* ##### *
* , ,, ,, *
,


You could see Crazy Yiuf.

Vanquished Creatures
  2 adders (D:2)
  2 oozes (D:2)
  A leopard gecko (D:2)
  2 giant cockroaches (D:1)
  2 hobgoblins
  7 jackals
  2 bats
  2 frilled lizards
  2 goblins (D:2)
  5 kobolds
  2 rats
  A fungus (D:4)
30 creatures vanquished.

Notes
Turn   | Place    | Note
-------+----------+-------------------------------------------
     0 | D:1      | Peloso the Deep Dwarf Fighter began the quest for the Orb.
     0 | D:1      | Reached XP level 1. HP: 20/20 MP: 1/1
   290 | D:1      | Reached XP level 2. HP: 22/27 MP: 2/2
   599 | D:2      | Found a blossoming altar of Fedhas.
   645 | D:2      | Reached XP level 3. HP: 25/34 MP: 3/3
   648 | D:2      | Found a glowing silver altar of Zin.
   938 | D:2      | You fall through a shaft for 2 floors!
  1083 | D:4      | Found a runed door.
  1087 | D:4      | Noticed Crazy Yiuf
  1092 | D:4      | Slain by Crazy Yiuf

Skill      XL: |  1  2 |
---------------+-------+-----
Fighting       | 3 |  3.0
Long Blades    | |  2.8
Armour         | |  3.7
Dodging        | |  0.4
Shields        | |  3.8

Action                   || total
-------------------------++-------
Melee: Long sword        ||    93
  Eat: Chunk             ||     1
Armor: Scale mail        ||    53
Dodge: Dodged            ||    32
Block: Shield            ||    62
       Rpst.: Long sword ||    11
